 Dungeon Sprint DCSS version 0.19.1 (webtiles) character file.

1227 dvd the Basher (level 8, -3/133 HPs)
             Began as a Troll Berserker on Dec 21, 2016.
             Was an Elder of Trog.
             Slain by a demonic crawler (7 damage)
             ... in the Dungeon (Sprint I: "Red Sonja").
             The game lasted 00:02:32 (329 turns).

dvd the Basher (Troll Berserker)                     Turns: 329, Time: 00:02:33

Health: -3/133     AC:  5    Str: 31    XL:     8   Next: 23%
Magic:  7/7        EV: 14    Int:  3    God:    Trog [****..]
Gold:   168        SH:  0    Dex: 11    Spells: 0 memorised, 7 levels left

rFire  . . .     SeeInvis .     m - +1 flail (crush)
rCold  . . .     Gourm    +     b - +0 animal skin
rNeg   . . .     Faith    .     (no shield)
rPois  .         Spirit   .     (helmet restricted)
rElec  .         Reflect  .     (no cloak)
rCorr  .         Harm     .     (gloves unavailable)
MR     .....     NoTele   +     (boots unavailable)
Stlth  ..........               (no amulet)
                                (no ring)
                                (no ring)

@: berserking (expiring), very quick
A: unfitting armour, claws 3, fast metabolism 3, gourmand, regeneration 1,
shaggy fur 1, tough skin 2
a: Berserk, Trog's Hand, Brothers in Arms, Burn Spellbooks, Renounce Religion


You were in the Dungeon.
You worshipped Trog.
Trog was greatly pleased with you.
You were full.

You visited 1 branch You collected 405 gold pieces.
You spent 237 gold pieces at shops.

Inventory:

Hand Weapons
 a - a +0 mace
 j - a +0 giant club
 m - a +1 flail of crushing (weapon)
Armour
 b - a +0 animal skin (worn)
Wands
 l - a wand of iceblast (8/15)
Scrolls
 i - a scroll of blinking
Potions
 d - a potion of flight
 e - a potion of heal wounds
 f - a potion of haste
 g - 2 potions of magic
 h - a potion of berserk rage
Comestibles
 c - 3 bread rations


   Skills:
 + Level 8.7 Fighting
 + Level 10.8 Maces & Flails
 + Level 9.0 Dodging
 + Level 0.1 Stealth


You had 7 spell levels left.
You didn't know any spells.

Dungeon Overview and Level Annotations

Branches:
Dungeon (1/1)

Altars:
Cheibriados
Dithmenos
Elyvilon
Fedhas
Gozag
Hepliaklqana
Kikubaaqudgha
Makhleb
Nemelex Xobeh
Okawaru
Qazlal
Ru
Sif Muna
Trog
Uskayaw
Vehumet
Xom
Yredelemnul
Zin
The Shining One
Jiyva
Lugonu

Shops:
D (


Innate Abilities, Weirdness & Mutations

You are too large for most types of armour.
You have claws for hands.
Your metabolism is lightning-fast.
You like to eat raw meat.
Your natural rate of healing is unusually fast.
You are covered in fur. (AC +1)
You have very tough skin. (AC +2)


Message History

The demonic crawler hits you.
* * * LOW HITPOINT WARNING * * *
The demonic crawler hits you.
* * * LOW HITPOINT WARNING * * *
You hit the demonic crawler.
The demonic crawler is lightly wounded.
The demonic crawler closely misses you. x2; The demonic crawler hits you.
* * * LOW HITPOINT WARNING * * *
You sock the demonic crawler!
The demonic crawler is moderately wounded.
You thump the demonic crawler!
The demonic crawler is heavily wounded.
You bludgeon the demonic crawler!!
The demonic crawler is severely wounded.
The demonic crawler misses you.
The demonic crawler hits you but does no damage.
The demonic crawler hits you.
* * * LOW HITPOINT WARNING * * *
The demonic crawler hits you!
You die...

######################
..'..#..'..#__#.ss...#
).#..').#..'..'.@#...#
####'#####'#__####...'..#
###..#...#.#### ####..+
__####..##.#§§ ##
_____##'#..+§§
_.∩...'..._#≈≈§§
_..__##_.#'# +##
_____###+#.# ###### ###


You could see 2 demonic crawlers.

Vanquished Creatures
  A kobold demonologist (D)
  A demonic crawler (D)
  A slime creature (D)
  Sigmund (D)
  A yak (D)
  A floating eye (D)
  An ogre (D)
  A jelly (D)
  Ijyb (D)
9 creatures vanquished.

Notes
Turn   | Place    | Note
-------+----------+-------------------------------------------
     0 | D        | dvd the Troll Berserker began the quest for the Orb.
     0 | D        | Reached XP level 1. HP: 22/22 MP: 0/0
     1 | D        | Noticed Ijyb
    11 | D        | Killed Ijyb
    11 | D        | Reached skill level 4 in Maces & Flails
    11 | D        | Reached XP level 2. HP: 15/31 MP: 1/1
    50 | D        | Noticed an ogre
    57 | D        | Killed an ogre
    57 | D        | Reached skill level 5 in Maces & Flails
    57 | D        | Reached skill level 5 in Dodging
    57 | D        | Reached XP level 3. HP: 32/41 MP: 2/2
    57 | D        | Reached XP level 4. HP: 38/49 MP: 3/3
    77 | D        | Noticed Sigmund
    91 | D        | Killed Sigmund
    91 | D        | Reached ** piety under Trog
    91 | D        | Reached skill level 7 in Maces & Flails
    91 | D        | Reached XP level 5. HP: 35/59 MP: 4/4
    91 | D        | Reached XP level 6. HP: 39/67 MP: 5/5
   160 | D        | Found a deep blue altar of Sif Muna.
   162 | D        | Found a radiant altar of Vehumet.
   190 | D        | Found Junon's Antique Weapon Emporium.
   190 | D        | Found an ancient bone altar of Kikubaaqudgha.
   190 | D        | Found a hazy altar of Hepliaklqana.
   190 | D        | Found a hide-covered altar of Uskayaw.
   190 | D        | Found a basalt altar of Yredelemnul.
   190 | D        | Found an opulent altar of Gozag.
   190 | D        | Found a snail-covered altar of Cheibriados.
   190 | D        | Found a sacrificial altar of Ru.
   190 | D        | Found a shadowy altar of Dithmenos.
   190 | D        | Noticed a yak
   191 | D        | Found a stormy altar of Qazlal.
   191 | D        | Found a blossoming altar of Fedhas.
   191 | D        | Found a bloodstained altar of Trog.
   191 | D        | Found an iron altar of Okawaru.
   191 | D        | Found a glowing golden altar of the Shining One.
   191 | D        | Found a glowing silver altar of Zin.
   191 | D        | Found a white marble altar of Elyvilon.
   198 | D        | Killed a yak
   198 | D        | Reached skill level 8 in Maces & Flails
   199 | D        | Found a sparkling altar of Nemelex Xobeh.
   203 | D        | Bought a runed flail for 237 gold pieces
   224 | D        | Found a viscous altar of Jiyva.
   224 | D        | Found a corrupted altar of Lugonu.
   224 | D        | Noticed a slime creature
   225 | D        | Found a burning altar of Makhleb.
   225 | D        | Found a shimmering altar of Xom.
   229 | D        | Killed a slime creature
   229 | D        | Reached *** piety under Trog
   229 | D        | Reached skill level 9 in Maces & Flails
   229 | D        | Reached XP level 7. HP: 79/79 MP: 6/6
   290 | D        | Noticed a kobold demonologist
   293 | D        | Noticed a kobold demonologist
   309 | D        | Killed a kobold demonologist
   309 | D        | Reached skill level 10 in Maces & Flails
   311 | D        | Noticed a demonic crawler
   314 | D        | Noticed a demonic crawler
   315 | D        | Noticed a demonic crawler
   316 | D        | Noticed a demonic crawler
   321 | D        | Killed a demonic crawler
   321 | D        | Reached **** piety under Trog
   321 | D        | Reached XP level 8. HP: 38/89 MP: 7/7
   325 | D        | HP: 6/133 [demonic crawler (1)]
   329 | D        | Slain by a demonic crawler

Skill      XL: |  1  2  3  4  5  6  7 |
---------------+----------------------+-----
Fighting       | 3 4 6 7 8 |  8.7
Maces & Flails | 4 5 7 9 10 | 10.8
Dodging        | 3 5 6 7 9 |  9.0
Stealth        | |  0.1

Action                   |  1- 3 |  4- 6 |  7- 9 || total
-------------------------+-------+-------+-------++-------
Melee: Mace              |    16 |    23 |       ||    39
       Flail             |       |     3 |    33 ||    36
Invok: Berserk           |       |     2 |     1 ||     3
  Use: Potion            |     2 |       |       ||     2
       Scroll            |       |     1 |       ||     1
  Eat: Chunk             |     2 |     6 |     1 ||     9
Armor: Animal skin       |     3 |     4 |    11 ||    18
Dodge: Dodged            |    10 |    11 |    31 ||    52
